 Dungeon Sprint DCSS version 0.22.1-1-ga44c0e56f4 (webtiles) character file.

3121 MuseOD the Unseen (level 9, -15/49 (50) HPs)
             Began as a Spriggan Enchanter on Sept 21, 2018.
             Was a Priest of Dithmenos.
             Killed from afar by a fire dragon (47 damage)
             ... with a blast of flame
             ... in the Dungeon (Sprint II: "The Violet Keep of Menkaure").
             The game lasted 00:04:47 (1188 turns).

MuseOD the Unseen (Spriggan Enchanter)              Turns: 1188, Time: 00:04:47

HP:   -15/49 (50)   AC:  2    Str:  4    XL:     9   Next: 60%
MP:   19/25         EV: 18    Int: 20    God:    Dithmenos [***...]
Gold: 1024          SH:  0    Dex: 16    Spells: 21/30 levels left

rFire    . . .     SeeInvis +   a - +1 dagger
rCold    . . .     Gourm    .   (shield restricted)
rNeg     . . .     Faith    .   b - +0 robe
rPois    .         Spirit   .   (helmet restricted)
rElec    .         Reflect  .   (no cloak)
rCorr    .         Harm     .   (gloves unavailable)
MR       +....     NoTele   +   (boots unavailable)
Stlth    +++++++++.             (no amulet)
HPRegen  0.16/turn              (no ring)
MPRegen  0.19/turn              (no ring)

@: wreathed by umbra, very quick
A: very small, unfitting armour, see invisible, herbivore, speed 3, slow
metabolism 2
a: Shadow Step, Renounce Religion


You were in the Dungeon.
You worshipped Dithmenos.
Dithmenos was most pleased with you.
You were not hungry.

You visited 1 branch You collected 1134 gold pieces.
You spent 110 gold pieces at shops.

Inventory:

Hand Weapons
 a - a +1 dagger (weapon)
Armour
 b - a +0 robe (worn)
Scrolls
 c - a scroll of identify {unknown}
 j - a scroll of blinking
Potions
 e - 2 potions of curing
 f - a potion of heal wounds
 g - a potion of haste
 h - a potion of magic
 i - a potion of invisibility
Comestibles
 d - a ration


   Skills:
 + Level 7.1 Fighting
 + Level 11.7 Short Blades
 - Level 3.0 Dodging
 + Level 18.1 Stealth
 - Level 11.0 Spellcasting
 - Level 11.3 Hexes


You had 21 spell levels left.
You knew the following spells:

 Your Spells              Type           Power        Failure   Level  Hunger
a - Corona                Hex            ######.      1%          1    None
b - Ensorcelled Hibernat  Hex/Ice        ####..       1%          2    None
c - Confuse               Hex            ######..     1%          3    None
d - Tukima's Dance        Hex            ######..     1%          3    None

Your spell library contained the following spells:

 Spells                   Type           Power        Failure   Level  Hunger
 Dazzling Spray           Conj/Hex       ####..       1%          3    None


Dungeon Overview and Level Annotations

Branches:
Dungeon (1/1)

Altars:
Cheibriados
Dithmenos
Elyvilon
Fedhas
Gozag
Hepliaklqana
Kikubaaqudgha
Makhleb
Nemelex Xobeh
Okawaru
Qazlal
Ru
Sif Muna
Trog
Uskayaw
Vehumet
Wu Jian
Xom
Yredelemnul
Zin
The Shining One
Beogh
Jiyva
Lugonu

Shops:
D =::}?![:*(%=![(=

Annotations:
D exclusion: oklob plant, Kirke


Innate Abilities, Weirdness & Mutations

You are very small and have problems with some larger weapons.
You are too small for most types of armour.
You have supernaturally acute eyesight. (SInv)
You are a herbivore.
You cover ground extremely quickly.
You need to consume almost no food.


Message History

A fire dragon comes into view.
The fire dragon breathes flames at you. The blast of flame hits you!
Found 95 gold pieces and a scroll labeled RAIGYNEKHLO.
Casting: Confuse (safe; 1% risk of failure)
Confirm with . or Enter, or press ? or * to list all spells.
Aiming: Confuse (safe; 1% risk of failure)
Press: ? - help, Shift-Dir - straight line, f - fire dragon
Aim: a fire dragon (catching its breath, umbra, chance to defeat MR: 40%)
The fire dragon resists with some effort.
Casting: Confuse (safe; 1% risk of failure)
Confirm with . or Enter, or press ? or * to list all spells.
Aiming: Confuse (safe; 1% risk of failure)
Press: ? - help, Shift-Dir - straight line, f/p - fire dragon
Aim: a fire dragon (umbra, chance to defeat MR: 40%)
The fire dragon resists with some effort.
The fire dragon breathes flames at you. The blast of flame hits you!
Ouch! That really hurt!
You die... ####+#### #§§§§§≈§# ≈§§.≈≈§§≈ ≈§≈§z§≈≈§ ##++## §§zz≈z§§ ##≈...### # zzz§§

#e≈..^..# #+++#+++#####....#
## .........#..'^^..# k#
≈.##+##..#..####@# .#
≈##...##.####.D'(##8#
≈#..#..#....#$?#^..####
###.#.####..#####..##.#
.###'###.##..# +k.#..# $(
..##.##...#..# #..#..#▓(!?(
##†.<.'##.'..####..##)#▓)($??
†.##.##.###....###.^.##▓▓▓▓▓▓
.###'###.##......≈≈≈≈≈≈≈≈≈≈≈≈


You could see a fire dragon and a swamp drake.

Vanquished Creatures
  A death drake (D)
  A yaktaur (D)
  A hornet (D)
  3 polar bears (D)
  2 hippogriffs (D)
  3 slime creatures (D)
  Menkaure (D)
  A vampire mosquito (D)
  A swamp drake (D)
  4 necrophages (D)
  4 worker ants (D)
  3 worms (D)
25 creatures vanquished.

Vanquished Creatures (others)
  A crocodile (D)
1 creature vanquished.

Grand Total: 26 creatures vanquished

Notes
Turn   | Place    | Note
-------+----------+-------------------------------------------
     0 | D        | MuseOD the Spriggan Enchanter began the quest for the Orb.
     0 | D        | Reached XP level 1. HP: 9/9 MP: 5/5
     5 | D        | Noticed a worker ant
     5 | D        | Noticed a worker ant
     5 | D        | Noticed a worker ant
     5 | D        | Noticed a worker ant
     8 | D        | Noticed a necrophage
     8 | D        | Noticed a necrophage
     8 | D        | Noticed a necrophage
     8 | D        | Noticed a necrophage
    20 | D        | Killed a necrophage
    20 | D        | Reached skill level 7 in Stealth
    20 | D        | Reached XP level 2. HP: 8/15 MP: 6/6
    20 | D        | Reached XP level 3. HP: 10/19 MP: 8/8
    20 | D        | Reached XP level 4. HP: 12/23 MP: 9/9
    22 | D        | Killed a necrophage
    22 | D        | Reached skill level 9 in Stealth
    22 | D        | Reached XP level 5. HP: 8/28 MP: 10/10
    28 | D        | Killed a necrophage
    28 | D        | Reached skill level 10 in Stealth
    30 | D        | Killed a necrophage
    30 | D        | Reached skill level 5 in Fighting
    30 | D        | Reached skill level 10 in Short Blades
    30 | D        | Reached skill level 11 in Stealth
    30 | D        | Reached XP level 6. HP: 10/34 MP: 11/11
    53 | D        | Learned a level 2 spell: Ensorcelled Hibernation
    57 | D        | Learned a level 3 spell: Confuse
    61 | D        | Learned a level 3 spell: Tukima's Dance
   492 | D        | Found a roughly hewn altar of Beogh.
   493 | D        | Found a hazy altar of Hepliaklqana.
   493 | D        | Found a snail-covered altar of Cheibriados.
   494 | D        | Found a stormy altar of Qazlal.
   494 | D        | Found a viscous altar of Jiyva.
   494 | D        | Found a shadowy altar of Dithmenos.
   495 | D        | Found a sacrificial altar of Ru.
   495 | D        | Found an ancient bone altar of Kikubaaqudgha.
   495 | D        | Found a white marble altar of Elyvilon.
   496 | D        | Found an ornate altar of the Wu Jian Council.
   496 | D        | Found a deep blue altar of Sif Muna.
   496 | D        | Found a corrupted altar of Lugonu.
   497 | D        | Found a shimmering altar of Xom.
   497 | D        | Found a bloodstained altar of Trog.
   497 | D        | Found a burning altar of Makhleb.
   498 | D        | Found a glowing golden altar of the Shining One.
   498 | D        | Found a basalt altar of Yredelemnul.
   498 | D        | Found a hide-covered altar of Uskayaw.
   499 | D        | Found a glowing silver altar of Zin.
   500 | D        | Noticed a yaktaur
   500 | D        | Noticed a hornet
   500 | D        | Noticed a polar bear
   501 | D        | Noticed a polar bear
   501 | D        | Noticed a polar bear
   502 | D        | Killed a polar bear
   502 | D        | Reached skill level 12 in Stealth
   502 | D        | Reached skill level 5 in Spellcasting
   502 | D        | Reached XP level 7. HP: 38/38 MP: 11/16
   510 | D        | Killed a polar bear
   510 | D        | Reached skill level 13 in Stealth
   515 | D        | Killed a yaktaur
   515 | D        | Reached skill level 14 in Stealth
   524 | D        | Killed a polar bear
   524 | D        | Reached XP level 8. HP: 22/43 MP: 14/21
   541 | D        | Killed a hornet
   541 | D        | Reached skill level 15 in Stealth
   638 | D        | Found a radiant altar of Vehumet.
   640 | D        | Found a blossoming altar of Fedhas.
   640 | D        | Found a sparkling altar of Nemelex Xobeh.
   641 | D        | Found an opulent altar of Gozag.
   641 | D        | Found an iron altar of Okawaru.
   646 | D        | Became a worshipper of Dithmenos the Shadowed
   669 | D        | Noticed a hippogriff
   669 | D        | Noticed a hippogriff
   672 | D        | Killed a hippogriff
   672 | D        | Reached skill level 10 in Spellcasting
   672 | D        | Reached skill level 10 in Hexes
   674 | D        | Killed a hippogriff
   674 | D        | Reached skill level 16 in Stealth
   688 | D        | Reached * piety under Dithmenos
   699 | D        | Reached ** piety under Dithmenos
   802 | D        | Found Dounar's Antique Weapon Emporium.
   802 | D        | Found Lydas's Jewellery Emporium.
   802 | D        | Found Cammel's Antique Armour Emporium.
   802 | D        | Found Violoite's General Store.
   802 | D        | Found Baisk's Food Shoppe.
   803 | D        | Found Zumm's Book Shoppe.
   803 | D        | Found Qaukhlimm's Jewellery Emporium.
   803 | D        | Found Inniqum's Distillery.
   803 | D        | Found Antymilal's Weapon Shoppe.
   804 | D        | Found Zuosm's Antique Armour Shoppe.
   804 | D        | Found Synix's Distillery.
   826 | D        | Found Biulliv's Magic Scroll Emporium.
   826 | D        | Found Plog's Gadget Shoppe.
   826 | D        | Noticed Menkaure
   826 | D        | Noticed an oklob plant
   827 | D        | Found Buoteb's Book Shoppe.
   827 | D        | Found Yleogode's Book Shoppe.
   827 | D        | Found Zaqodwuq's Jewellery Emporium.
   851 | D        | Bought a potion of invisibility for 80 gold pieces
   851 | D        | Bought a potion of curing for 30 gold pieces
   871 | D        | Noticed a flying skull
   873 | D        | Killed Menkaure
   873 | D        | Reached XP level 9. HP: 46/46 MP: 20/25
   877 | D        | Noticed a centaur warrior
   877 | D        | Noticed Kirke
   877 | D        | Noticed a yaktaur captain
   878 | D        | Noticed a skeletal warrior
   900 | D        | Noticed a death drake
   930 | D        | Killed a death drake
   930 | D        | Reached *** piety under Dithmenos
   930 | D        | Reached skill level 17 in Stealth
   930 | D        | Noticed a crystal guardian
   933 | D        | Noticed a deep elf master archer
   941 | D        | Reached skill level 18 in Stealth
  1186 | D        | Noticed a fire dragon
  1188 | D        | Killed from afar by a fire dragon

Skill      XL: |  1  2  3  4  5  6  7  8  9 |
---------------+----------------------------+-----
Fighting       | 3 4 5 7 |  7.1
Short Blades   | 6 8 10 11 | 11.7
Stealth        | 7 9 11 12 14 16 18 | 18.1
Spellcasting   | 5 8 11 | 11.0
Hexes          | 6 9 11 | 11.3
Dodging        | |  3.0

Action                   |  1- 3 |  4- 6 |  7- 9 || total
-------------------------+-------+-------+-------++-------
Melee: Dagger            |     7 |    34 |    58 ||    99
 Cast: Ensorcelled Hiber |       |     5 |     4 ||     9
       Confuse           |       |       |    20 ||    20
  Use: Potion            |     1 |       |     1 ||     2
 Stab: Sleeping          |     3 |     2 |     5 ||    10
       Confused          |       |       |    13 ||    13
Armor: Robe              |       |     1 |     3 ||     4
Dodge: Dodged            |     7 |     9 |    34 ||    50
